details: 'damlol'

« prev index next »

General information

Mini Map

Players

team 1
Undeadlumpen (orange | 212 APM | 3130 actions | 14:44)
Hero icon 4 Death Knight
Ability icon 2 Death Coil
Ability icon 2 Unholy Aura
Hero icon 3 Lich
Ability icon 2 Frost Nova
Ability icon 1 Frost Armor

» actions
Assign group hotkey28
Basic commands164
Build / train54
ESC pressed4
Enter build submenu16
Enter hero's abilities submenu7
Give item / drop item2
Right click643
Select / deselect469
Select group hotkey1681
Use ability62
3130 total
» units
Acolyte3
Ghoul10
Obsidian Statue3
Abomination4
20 total
» upgrades
Creature Attack2
Ghoul Frenzy1
Disease Cloud1
Unholy Armor1
Destroyer Form1
6 total
» buildings
Crypt2
Altar of Darkness1
Ziggurat5
Tomb of Relics1
Halls of the Dead3
Graveyard1
Black Citadel3
Slaughterhouse3
Sacrificial Pit1
20 total
» build order
00:09 Crypt
00:23 Altar of Darkness
00:37 Ziggurat
01:29 Tomb of Relics
02:00 Ziggurat
02:54 Halls of the Dead
02:55 Halls of the Dead
02:55 Halls of the Dead
03:29 Graveyard
03:55 Ziggurat
04:25 Crypt
05:20 Black Citadel
05:21 Black Citadel
05:29 Slaughterhouse
05:51 Slaughterhouse
06:31 Slaughterhouse
06:44 Ziggurat
11:25 Sacrificial Pit
13:00 Ziggurat
» items
Rod of Necromancy1
Orb of Corruption3
Boots of Speed1
Scroll of Town Portal1
Potion of Mana1
7 total
team 2
NightElfGundamPilot (green | 126 APM | 1863 actions | 14:45)
Hero icon 4 Demon Hunter
Ability icon 2 Mana Burn
Ability icon 2 Evasion
Hero icon 3 Pandaren Brewmaster
Ability icon 2 Breath of Fire
Ability icon 1 Drunken Haze

» actions
Assign group hotkey17
Basic commands125
Build / train49
ESC pressed1
Enter build submenu13
Enter hero's abilities submenu8
Give item / drop item2
Right click853
Select / deselect435
Select group hotkey302
Use ability58
1863 total
» units
Wisp13
Archer4
Dryad7
Druid of the Claw2
26 total
» upgrades
Abolish Magic1
Druid of the Claw Training2
Strength of the Wild2
Mark of the Claw1
6 total
» buildings
Altar of Elders1
Moon Well5
Ancient of War1
Tree of Ages1
Hunter's Hall1
Ancient of Lore2
Ancient of Wonders1
Tree of Eternity1
Tree of Life2
15 total
» build order
00:04 Altar of Elders
00:07 Moon Well
01:07 Ancient of War
01:39 Moon Well
02:41 Tree of Ages
03:23 Hunter's Hall
03:44 Moon Well
05:09 Ancient of Lore
05:10 Ancient of Wonders
05:20 Ancient of Lore
06:31 Moon Well
07:10 Tree of Eternity
08:54 Tree of Life
11:21 Tree of Life
13:23 Moon Well
» items
Ring of Protection +21
Orb of Venom2
Potion of Healing2
Potion of Mana1
6 total